 Dungeon Sprint DCSS version 0.26-a0-690-gcb57259078 (webtiles) character file.

Game seed: 10811141033408564251

64118 sahdkjhfkaj the Earth Mage (level 15, -4/112 HPs)
             Began as a Gargoyle Earth Elementalist on Oct 24, 2020.
             Was the Champion of Vehumet.
             Killed from afar by a war gargoyle (31 damage)
             ... with a spray of metal splinters
             ... in the Dungeon (Sprint VII: "The Pits").
             The game lasted 00:29:24 (10134 turns).

sahdkjhfkaj the Earth Mage (GrEE)                  Turns: 10134, Time: 00:29:24

Health: -4/112     AC: 18    Str: 18    XL:     15   Next: 12%
Magic:  24/34      EV: 16    Int: 21    God:    Vehumet [******]
Gold:   53         SH:  0    Dex: 10    Spells: 4/44 levels left

rFire    + . .     SeeInvis .   r - +4 quarterstaff (speed)
rCold    + . .     Faith    .   (shield currently unavailable)
rNeg     + . .     Spirit   .   c - +0 robe
rPois    ∞         Reflect  .   (no helmet)
rElec    +         Harm     .   g - +1 cloak
rCorr    .         Rampage  .   t - +2 pair of gloves of the Trilobite {Str+5}
MR       +....     NoTele   +   (no boots)
Stlth    ++........             (no amulet)
HPRegen  0.28/turn              v - ring of protection from fire
MPRegen  0.24/turn              y - ring of protection from cold

@: flying
A: big wings, negative energy resistance 1, electricity resistance, unbreathing,
petrification resistance, rot immunity, AC +11
a: Stop Flying, Renounce Religion


You were in the Dungeon.
You worshipped Vehumet.
Vehumet was exalted by your worship.
You visited 1 branch You collected 53 gold pieces.

Inventory:

Hand Weapons
 r - a +4 quarterstaff of speed (weapon)
Missiles
 b - 43 stones (quivered)
 u - a throwing net
Armour
 c - a +0 robe (worn)
 g - a +1 cloak (worn)
 t - the +2 pair of gloves of the Trilobite (worn) {Str+5}
   (You found it in the Dungeon)

   It affects your strength (+5).
Jewellery
 v - a ring of protection from fire (left hand)
 y - a ring of protection from cold (right hand)
Wands
 s - a wand of polymorph (1)
Scrolls
 i - 4 scrolls of blinking
 j - 5 scrolls of remove curse
 k - 5 scrolls of amnesia
 l - 3 scrolls of fog
 n - a scroll of fear
 x - a scroll of identify
Potions
 a - 2 potions of invisibility {!q}
 d - 8 potions of curing {!q}
 e - 10 potions of heal wounds {!q}
 f - 2 potions of haste {!q}
 h - 4 potions of berserk rage {!q}
 o - a potion of stabbing {!q}
 p - a potion of might {!q}
 q - 4 potions of brilliance {!q}
 w - a potion of mutation {!q}
Miscellaneous
 m - a box of beasts (3/3)


   Skills:
 - Level 20.0 Fighting
 - Level 10.0 Dodging
 - Level 2.1 Stealth
 - Level 15.0 Spellcasting
 - Level 9.3 Conjurations
 - Level 14.1 Summonings
 - Level 14.1 Translocations
 - Level 10.0 Transmutations
 + Level 9.8 Ice Magic
 - Level 20.0 Earth Magic


You had 4 spell levels left.
You knew the following spells:

 Your Spells              Type           Power        Failure   Level
a - Sandblast             Erth           ######       0%          1
b - Stone Arrow           Conj/Erth      ######       1%          3
d - Lee's Rapid Deconstr  Erth           #######...   1%          5
e - Iron Shot             Conj/Erth      ######....   1%          6
x - Petrify               Tmut/Erth      ######..     1%          4
A - Absolute Zero         Ice            ######....   100%        9
G - Malign Gateway        Summ/Tloc      ######....   10%         7
R - Irradiate             Conj/Tmut      ######....   1%          5

Your spell library contained the following spells:

 Spells                   Type           Power        Failure   Level
 Shatter                  Erth           #######...   26%         9
 Tornado                  Air            ###.......   100%        9
 Passwall                 Tmut/Erth      ######..     0%          2
 Beastly Appendage        Tmut           ######       1%          1
 Foxfire                  Conj/Fire      ####         1%          1
 Sting                    Tmut/Pois      ####         1%          1
 Wereblood                Tmut           ######..     1%          2
 Conjure Flame            Conj/Fire      #####...     1%          3
 Ignite Poison            Fire/Tmut/Pois ####....     1%          3
 Lesser Beckoning         Tloc           ######....   1%          3
 Mephitic Cloud           Conj/Pois/Air  ####....     1%          3
 Portal Projectile        Hex/Tloc       #####.       1%          3
 Spider Form              Tmut/Pois      #####.....   1%          3
 Ice Form                 Ice/Tmut       ######..     1%          4
 Leda's Liquefaction      Hex/Erth       ######....   1%          4
 Sticky Flame             Conj/Fire      #####...     1%          4
 Corona                   Hex            ###....      3%          1
 Inner Flame              Hex/Fire       ###.....     3%          3
 Corpse Rot               Necr/Air       N/A          6%          2
 Poisonous Vapours        Pois/Air       ###...       6%          2
 Slow                     Hex            ###.....     6%          2
 Olgreb's Toxic Radiance  Pois           ###.....     11%         4
 Cause Fear               Hex            ###.......   36%         4
 Dispel Undead            Necr           ###.....     36%         4
 Blade Hands              Tmut           ######....   1%          5
 Bolt of Magma            Conj/Fire/Erth ######....   1%          5
 Iskenderun's Battlesphe  Conj           ######..     1%          5
 Summon Forest            Summ/Tloc      ######....   1%          5
 Dispersal                Tloc           ######....   1%          6
 Fireball                 Conj/Fire      #####.....   4%          5
 Spellforged Servitor     Conj/Summ      ######....   7%          7
 Hydra Form               Tmut           ######....   10%         6
 Monstrous Menagerie      Summ           ######....   10%         7
 Summon Greater Demon     Summ           ######....   10%         7
 Summon Hydra             Summ           ######....   10%         7
 Alistair's Intoxication  Tmut/Pois      #####....    14%         5
 Lehudib's Crystal Spear  Conj/Erth      ######....   16%         8
 Orb of Destruction       Conj           ######....   17%         7
 Dragon Form              Tmut           ######....   47%         7
 Eringya's Noxious Bog    Tmut/Pois      #####.....   58%         6
 Summon Horrible Things   Summ           ######....   61%         8
 Agony                    Necr           ###.....     71%         5
 Excruciating Wounds      Necr           ###.......   71%         5
 Invisibility             Hex            ###.....     99%         6
 Chain Lightning          Conj/Air       #####.....   100%        8
 Dragon's Call            Summ           ######....   100%        9
 Fire Storm               Conj/Fire      #####.....   100%        9
 Sublimation of Blood     Necr           Unusable     N/A         2
 Statue Form              Tmut/Erth      Unusable     N/A         6

Dungeon Overview and Level Annotations

Branches:
Dungeon (1/1)

Altars:
Ashenzari
Cheibriados
Dithmenos
Elyvilon
Fedhas
Gozag
Hepliaklqana
Kikubaaqudgha
Makhleb
Nemelex Xobeh
Okawaru
Qazlal
Ru
Sif Muna
Trog
Uskayaw
Vehumet
Wu Jian
Xom
Yredelemnul
Zin
The Shining One
Beogh
Jiyva
Lugonu


Innate Abilities, Weirdness & Mutations

You are resistant to torment.
Your stone body is resilient. (AC +11)
You are immune to poison.
Your large and strong wings let you fly indefinitely.
You resist negative energy. (rN+)
You are resistant to electric shocks. (rElec)
You can survive without breathing.
You are immune to petrification.
You are immune to rotting.


Message History

Unknown command.
Casting: Lee's Rapid Deconstruction (safe; 1% risk of failure)
Confirm with . or Enter, or press ? or * to list all spells.
Aiming: Lee's Rapid Deconstruction (safe; 1% risk of failure)
Press: ? - help, Dir - move target cursor A crystal wall, spattered with blood.
The crystal wall shatters!
The blast of crystal shards hits the azure jelly!!!
The azure jelly is almost dead.
The blast of crystal shards hits the war gargoyle!!
The war gargoyle is almost destroyed.
The azure jelly barely misses you. The azure jelly hits you.
* * * LOW HITPOINT WARNING * * *
The azure jelly freezes you!! You resist.
* * * LOW HITPOINT WARNING * * *
The azure jelly misses you.
The azure jelly hits you but does no damage.
The war gargoyle launches metal splinters at you.
The spray of metal splinters hits you!!
You die...

''##############..#
.)..#[[[[#[[#[[#..#
....##''##[[#[[#..#
....#....#.....#..#
..###....####..#..#
.)..........'..#..#
.........####..#..#
...####..#.....#..#
...#((#).#[[#[[#@)#
..##(('..#[[#[[#J9#
################['#
##########''#
..#.#.#..)[.#
#.......#..##
#.....###..# ..
.......#..##
.X###..#..###..#


You could see an azure jelly and a war gargoyle (catching breath).

Vanquished Creatures
  Rupert (D)
  A sphinx (D)
  A nagaraja (D)
  4 deep elf sorcerers (D)
  2 orc warlords (D)
  2 draconian shifters (D)
  A draconian annihilator (D)
  A vampire knight (D)
  A green draconian (D)
  A black draconian (D)
  Azrael (D)
  A purple draconian (D)
  A yellow draconian (D)
  A red draconian (D)
  A deep elf death mage (D)
  A deep elf high priest (D)
  A great orb of eyes (D)
  A yaktaur captain (D)
  Harold (D)
  3 naga warriors (D)
  A boulder beetle (D)
  2 vault guards (D)
  An alligator snapping turtle (D)
  A death knight (D)
  4 two-headed ogres (D)
  3 ogre magi (D)
  A vampire mage (D)
  An orc high priest (D)
  Urug (D)
  Sonja (D)
  4 deep elf knights (D)
  A sea snake (D)
  2 swamp dragons (D)
  A spriggan druid (D)
  2 wizards (D)
  5 harpies (D)
  A lindwurm (D)
  9 orc knights (D)
  A phantasmal warrior (D)
  A necromancer (D)
  5 deep elf magi (D)
  An ugly thing (D)
  Maurice (D)
  A manticore (D)
  A naga mage (D)
  A smoke demon (D)
  A molten gargoyle (D)
  A yaktaur (D)
  2 ice devils (D)
  A guardian mummy (D)
  A troll (D)
  A large abomination (D)
  A tyrant leech (D)
  2 bog bodies (D)
  5 dream sheep (D)
  2 flying skulls (D)
  2 tarantellas (D)
  A redback (D)
  2 fire elementals (D)
  2 basilisks (D)
  A fire bat (D)
  A steam dragon (D)
  A soldier ant (D)
  3 wargs (D)
  7 hell hounds (D)
  Purgy (D)
  2 orc warriors (D)
  An eye of draining (D)
  A small abomination (D)
  4 ogres (D)
  A wolf (D)
  2 centaurs (D)
  2 bullfrogs (D)
  9 killer bees (D)
  2 orc priests (D)
  A gnoll shaman (D)
  A jelly (D)
  An iron imp (D)
  2 iguanas (D)
  A worker ant (D)
  5 gnolls (D)
  An adder (D)
  An ooze (D)
  2 adder skeletons (D)
  2 worms (D)
  An adder simulacrum (D)
  3 orcs (D)
  A bat (D)
  A bat skeleton (D)
  A bat zombie (D)
  A goblin (D)
  A hobgoblin (D)
  4 jackals (D)
  A kobold (D)
  2 quokkas (D)
  A bat simulacrum (D)
  2 frilled lizards (D)
  A quokka zombie (D)
  3 rats (D)
182 creatures vanquished.

Vanquished Creatures (collateral kills)
  An orc warlord (D)
  A deep elf sorcerer (D)
  A green draconian (D)
  A lorocyproca (D)
  A hydra (D)
  A red devil (D)
  A wyvern (D)
  An orc warrior (D)
  2 orc priests (D)
  An orc (D)
11 creatures vanquished.

Vanquished Creatures (others)
  4 eldritch tentacles (D)
  A chaos spawn (D)
5 creatures vanquished.

Grand Total: 198 creatures vanquished

Notes
Turn   | Place    | Note
-------+----------+-------------------------------------------
     0 | D        | sahdkjhfkaj the Gargoyle Earth Elementalist began the quest
                  | for the Orb.
     0 | D        | Reached XP level 1. HP: 10/10 MP: 3/3
    11 | D        | Noticed a worker ant
    14 | D        | Killed a worker ant
    14 | D        | Reached XP level 2. HP: 15/15 MP: 0/6
    14 | D        | Reached XP level 3. HP: 19/19 MP: 0/8
    90 | D        | Found a bloodstained altar of Trog.
    90 | D        | Found a shimmering blue altar of Sif Muna.
    90 | D        | Found a viscous altar of Jiyva.
    90 | D        | Found a hazy altar of Hepliaklqana.
    90 | D        | Found an opulent altar of Gozag.
    91 | D        | Found a glowing golden altar of the Shining One.
    91 | D        | Found a glowing silver altar of Zin.
    91 | D        | Found a basalt altar of Yredelemnul.
    91 | D        | Found a shimmering altar of Xom.
    91 | D        | Found an ornate altar of the Wu Jian Council.
    91 | D        | Found a sacrificial altar of Ru.
    91 | D        | Found a stormy altar of Qazlal.
    91 | D        | Found an iron altar of Okawaru.
    91 | D        | Found a sparkling altar of Nemelex Xobeh.
    91 | D        | Found a burning altar of Makhleb.
    91 | D        | Found a blossoming altar of Fedhas.
    91 | D        | Found a white marble altar of Elyvilon.
    91 | D        | Found a shadowy altar of Dithmenos.
    91 | D        | Found a snail-covered altar of Cheibriados.
    92 | D        | Found a radiant altar of Vehumet.
    92 | D        | Found a corrupted altar of Lugonu.
    92 | D        | Found a roughly hewn altar of Beogh.
    93 | D        | Found an ancient bone altar of Kikubaaqudgha.
    93 | D        | Found a hide-covered altar of Uskayaw.
    93 | D        | Found a broken altar of Ashenzari.
   100 | D        | Became a worshipper of Vehumet
   153 | D        | Reached * piety under Vehumet
   153 | D        | Offered knowledge of Foxfire by Vehumet.
   194 | D        | Reached ** piety under Vehumet
   196 | D        | Reached XP level 4. HP: 24/24 MP: 6/10
   239 | D        | Learned a level 3 spell: Stone Arrow
   301 | D        | Noticed a bullfrog
   302 | D        | Noticed a centaur
   303 | D        | Noticed a warg
   307 | D        | Killed a bullfrog
   307 | D        | Reached *** piety under Vehumet
   307 | D        | Reached skill level 5 in Spellcasting
   307 | D        | Reached skill level 10 in Earth Magic
   307 | D        | Reached XP level 5. HP: 18/28 MP: 2/12
   312 | D        | Killed a warg
   312 | D        | Reached XP level 6. HP: 14/32 MP: 0/15
   336 | D        | Learned a level 5 spell: Lee's Rapid Deconstruction
   350 | D        | Offered knowledge of Shock by Vehumet.
   381 | D        | Reached **** piety under Vehumet
   505 | D        | Offered knowledge of Ignite Poison by Vehumet.
   541 | D        | Noticed a deep elf mage
   543 | D        | Killed a deep elf mage
   543 | D        | Reached skill level 15 in Earth Magic
   543 | D        | Reached XP level 7. HP: 36/36 MP: 6/19
   627 | D        | Reached ***** piety under Vehumet
   640 | D        | Noticed a dream sheep
   640 | D        | Noticed a dream sheep
   640 | D        | Noticed a dream sheep
   640 | D        | Noticed a dream sheep
   640 | D        | Noticed a dream sheep
   641 | D        | Killed a dream sheep
   641 | D        | Reached XP level 8. HP: 41/41 MP: 15/21
   643 | D        | Killed a dream sheep
   643 | D        | Killed a dream sheep
   643 | D        | Reached skill level 10 in Spellcasting
   647 | D        | Killed a dream sheep
   649 | D        | Killed a dream sheep
   649 | D        | Reached XP level 9. HP: 27/45 MP: 8/23
   651 | D        | Offered knowledge of Olgreb's Toxic Radiance by Vehumet.
   860 | D        | Noticed a sea snake
   860 | D        | Noticed a boulder beetle
   878 | D        | Offered knowledge of Frozen Ramparts by Vehumet.
   879 | D        | Reached ****** piety under Vehumet
   881 | D        | Killed a sea snake
   893 | D        | Killed a boulder beetle
  1030 | D        | Noticed Harold
  1033 | D        | Noticed an ice devil
  1060 | D        | Killed an ice devil
  1060 | D        | Offered knowledge of Conjure Ball Lightning by Vehumet.
  1061 | D        | Killed Harold
  1061 | D        | Reached skill level 10 in Fighting
  1061 | D        | Reached XP level 10. HP: 64/68 MP: 12/24
  1165 | D        | Noticed Maurice
  1183 | D        | Reached skill level 1 in Conjurations
  1200 | D        | Killed Maurice
  1300 | D        | Learned a level 4 spell: Petrify
  1301 | D        | Noticed Urug
  1301 | D        | Noticed a manticore
  1309 | D        | Killed Urug
  1309 | D        | Killed a manticore
  1501 | D        | Noticed a vampire knight
  1510 | D        | Noticed a molten gargoyle
  1511 | D        | Killed a vampire knight
  1544 | D        | Reached XP level 11. HP: 25/78 MP: 7/26
  1544 | D        | Offered knowledge of Fulminant Prism by Vehumet.
  1963 | D        | Noticed an ogre mage
  1963 | D        | Noticed a two-headed ogre
  1963 | D        | Noticed a two-headed ogre
  1963 | D        | Noticed a two-headed ogre
  1963 | D        | Noticed a two-headed ogre
  1998 | D        | Killed a two-headed ogre
  2000 | D        | Killed a two-headed ogre
  2000 | D        | Offered knowledge of Irradiate by Vehumet.
  2008 | D        | Learned a level 5 spell: Irradiate
  2093 | D        | Noticed a vampire mage
  2099 | D        | Killed a vampire mage
  2132 | D        | Killed an ogre mage
  2132 | D        | Reached skill level 5 in Transmutations
  2139 | D        | Killed a two-headed ogre
  2246 | D        | Offered knowledge of Iron Shot by Vehumet.
  2260 | D        | Learned a level 6 spell: Iron Shot
  2388 | D        | Killed a two-headed ogre
  2537 | D        | Noticed Purgy
  2538 | D        | Noticed a lindwurm
  2549 | D        | Killed a lindwurm
  2549 | D        | Offered knowledge of Fireball by Vehumet.
  2552 | D        | Killed Purgy
  2555 | D        | Noticed a death knight
  2560 | D        | Noticed a great orb of eyes
  2595 | D        | Paralysed by a great orb of eyes for 5 turns
  2609 | D        | Reached skill level 10 in Transmutations
  2609 | D        | Reached XP level 12. HP: 86/86 MP: 6/28
  2613 | D        | Killed a great orb of eyes
  2613 | D        | Reached skill level 15 in Fighting
  2776 | D        | Noticed an orc high priest
  2780 | D        | Offered knowledge of Ozocubu's Refrigeration by Vehumet.
  2781 | D        | Killed an orc high priest
  2984 | D        | Killed a death knight
  3184 | D        | Learned a level 7 spell: Malign Gateway
  3283 | D        | Noticed Sonja
  3287 | D        | Killed Sonja
  3287 | D        | Offered knowledge of Lehudib's Crystal Spear by Vehumet.
  3386 | D        | Reached skill level 5 in Summonings
  3386 | D        | Reached skill level 5 in Translocations
  3589 | D        | Noticed an alligator snapping turtle
  3932 | D        | HP: 2/87 [alligator snapping turtle (26)]
  4372 | D        | Killed an alligator snapping turtle
  4808 | D        | Noticed Azrael
  4812 | D        | Offered knowledge of Shatter by Vehumet.
  4812 | D        | Offered knowledge of Tornado by Vehumet.
  4812 | D        | Offered knowledge of Absolute Zero by Vehumet.
  4827 | D        | Killed Azrael
  5043 | D        | Reached XP level 13. HP: 92/92 MP: 22/31
  5044 | D        | Noticed an orc warlord
  5438 | D        | Killed an orc warlord
  5438 | D        | Reached skill level 10 in Summonings
  5438 | D        | Reached skill level 10 in Translocations
  5603 | D        | Noticed Rupert
  5608 | D        | Killed Rupert
  5698 | D        | Noticed a deep elf sorcerer
  5703 | D        | Killed a deep elf sorcerer
  5732 | D        | Noticed an orc warlord
  5735 | D        | Killed an orc warlord
  5784 | D        | Noticed a vault guard
  5787 | D        | Killed a vault guard
  5886 | D        | Noticed a deep elf sorcerer
  5888 | D        | Killed a deep elf sorcerer
  6097 | D        | Noticed a vault guard
  6101 | D        | Killed a vault guard
  6537 | D        | Noticed a yaktaur captain
  6547 | D        | Killed a yaktaur captain
  6694 | D        | Gained mutation: Your large and strong wings let you fly
                  | indefinitely. [Gargoyle growth]
  6694 | D        | Reached XP level 14. HP: 98/98 MP: 23/32
  6887 | D        | Got the +2 pair of gloves of the Trilobite {Str+5}
  7324 | D        | Noticed a deep elf sorcerer
  7324 | D        | Noticed an orc warlord
  7340 | D        | Killed an orc warlord
  7340 | D        | Reached skill level 15 in Spellcasting
  7343 | D        | Killed a deep elf sorcerer
  7697 | D        | Reached skill level 5 in Dodging
  7710 | D        | Noticed a green draconian
  7742 | D        | Killed a green draconian
  7795 | D        | Killed a lorocyproca
  8450 | D        | Noticed a yellow draconian shifter
  8472 | D        | Killed a yellow draconian shifter
  8545 | D        | Noticed a sphinx
  8554 | D        | Killed a sphinx
  8554 | D        | Reached skill level 10 in Dodging
  8724 | D        | Noticed a deep elf sorcerer
  8727 | D        | Noticed a green draconian
  8729 | D        | Killed a deep elf sorcerer
  8807 | D        | Killed a green draconian
  9050 | D        | Noticed a deep elf sorcerer
  9052 | D        | Killed a deep elf sorcerer
  9114 | D        | Noticed a nagaraja
  9118 | D        | Killed a nagaraja
  9281 | D        | Noticed a black draconian
  9351 | D        | Noticed a yellow draconian
  9355 | D        | Killed a yellow draconian
  9482 | D        | Learned a level 9 spell: Absolute Zero
  9615 | D        | Noticed a red draconian shifter
  9629 | D        | Killed a red draconian shifter
  9739 | D        | Got Jeofovur's Papyrus of Beguiling
  9744 | D        | Noticed a purple draconian
  9756 | D        | Killed a black draconian
  9756 | D        | Reached skill level 5 in Ice Magic
  9756 | D        | Reached XP level 15. HP: 76/112 MP: 15/34
 10096 | D        | Got the Tome of the Compass and Curses
 10114 | D        | Noticed an azure jelly
 10134 | D        | Killed from afar by a war gargoyle

Illustrated notes

Levels and vault maps discovered:
D:        pitsprint [storerooms_1, entrance_room_1, metal_vault_7, armoury_1,
          mini_pit_1, grid_room_1, main_hall_1, silver_pit, the_coven_3,
          the_vestibule_1, steel_vault_3, golden_pit, hallway_of_sentries,
          crystal_vault_2, iron_vault_5, final_vault]

Skill      XL: |  1  2  3  4  5  6  7  8  9 10 11 12 13 14 15 |
---------------+----------------------------------------------+-----
Spellcasting   | 3 4 5 6 8 9 10 11 12 14 15 | 15.0
Earth Magic    | 6 8 10 11 15 16 17 20 | 20.0
Fighting       | 10 13 14 15 20 | 20.0
Conjurations   | 6 8 9 |  9.3
Transmutations | 10 | 10.0
Summonings     | 8 13 14 | 14.1
Translocations | 8 13 14 | 14.1
Dodging        | 10 | 10.0
Ice Magic      | 5 9 |  9.8
Stealth        | |  2.1

Action                   |  1- 3 |  4- 6 |  7- 9 | 10-12 | 13-15 || total
-------------------------+-------+-------+-------+-------+-------++-------
Melee: Unarmed           |     1 |       |       |     9 |       ||    10
       Quarterstaff      |       |     2 |     6 |     9 |     7 ||    24
 Cast: Sandblast         |    11 |     9 |       |     5 |     5 ||    30
       Stone Arrow       |       |     1 |     2 |       |     2 ||     5
       Lee's Rapid Decon |       |     4 |    15 |    86 |   111 ||   216
       Petrify           |       |       |       |    15 |     1 ||    16
       Iron Shot         |       |       |       |    24 |    50 ||    74
       Irradiate         |       |       |       |     5 |       ||     5
       Malign Gateway    |       |       |       |       |     4 ||     4
 Abil: Fly               |       |       |       |       |     1 ||     1
  Use: Potion            |       |     1 |     3 |     6 |     2 ||    12
       Scroll            |       |     1 |       |       |       ||     1
Armor: Robe              |       |     1 |     4 |    41 |    31 ||    77
       Skin              |       |       |       |     1 |       ||     1
Dodge: Dodged            |     1 |    11 |     4 |    65 |    38 ||   119

Table legend: (Time is in decaauts) A = Elapsed time spent in this place. B = Non-inter-level travel time spent in this place. C = Inter-level travel time spent in this place. D = Time resting spent in this place. E = Time spent auto-exploring this place. F = Levels seen in this place. G = Mean time per level. A B C D E F G +--------+--------+--------+--------+--------+-----+--------+ Total | 10152 | 9472 | 680 | 6713 | 278 | 1 | 10152.0 | Dungeon | 10152 | 9472 | 680 | 6713 | 278 | 1 | 10152.0 | +--------+--------+--------+--------+--------+-----+--------+

Top non-repeatable levels by time:
       D: 10152 daAuts
